AoeStats
← mr.morbido2.0

Arabian Desert

511071307Analyzed
1v1 RM · 8h ago on Oct 3, 2026· 30m 20s· 2 players
Game mode
Random Map
Map size
Tiny (2 player)
Population
200
Speed
Normal
Resources
Standard
Victory
Conquest
Starting age
Dark Age
Ending age
Imperial Age
RankedLock teamsTeams togetherTeam positionsShared explorationLock speedFull tech treeHidden civsTurbo modeCheats
Victory
Defeat
🇮🇹 Berbers · Italy
1253
+15
🇨🇳 Burgundians · China
1239
-15
zhangzl1206
6:03 Loom
8:56 Feudal Age
10:46 Double-Bit Axe
11:46 Scale Barding Armor
14:08 Forging
21:43 Castle Age
21:00 Stone Mining
23:48 Chain Barding Armor
23:50 Gold Mining
23:28 Light Cavalry
24:35 Bow Saw
27:30 Iron Casting
mr.morbido2.0
7:27 Loom
9:17 Feudal Age
10:11 Double-Bit Axe
19:37 Wheelbarrow
22:10 Castle Age
19:53 Horse Collar
20:44 Scale Barding Armor
21:31 Forging
21:36 Bloodlines
22:49 Gold Mining
22:28 Pikeman
23:47 Husbandry
26:57 Chain Barding Armor
Connection lost

Rejoining the realm…

Still unreachable

The connection could not be restored.

Session expired

The server has moved on; the page needs a fresh start.